 Dungeon Crawl Stone Soup version 0.31-a0-188-g5e087ee2ca (webtiles) character file.

Game seed: 18007528450077039473

9366 experimilk the Devastator (level 11, -4/74 HPs)
             Began as a Black Draconian Conjurer on June 23, 2023.
             Was a Priest of Vehumet.
             Slain by an orc warrior
             ... wielding a +0 long sword
              (14 damage)
             ... on level 10 of the Dungeon.
             The game lasted 00:46:31 (17529 turns).

experimilk the Devastator (DrCj)                   Turns: 17529, Time: 00:46:32

Health: -4/74      AC: 10    Str:  9    XL:     11   Next: 22%
Magic:  20/20      EV:  9    Int: 24    God:    Vehumet [***...]
Gold:   94         SH: 13    Dex:  9    Spells: 4/22 levels left

rFire   . . .        F - +0 scimitar (elec)
rCold   . . .        c - +0 kite shield
rNeg    . . .        (body armour unavailable)
rPois   .            (helmet restricted)
rElec   +            x - +0 cloak
rCorr   .            H - +0 pair of gloves
SInv    .            l - +0 pair of boots
Will    .....        e - amulet of reflection
Stlth   ++           f - ring of wizardry
HPRegen 0.32/turn    (no ring)
MPRegen 0.17/turn

%: reflection, wizardry (x1)
@: no status effects
A: breathe lightning, AC +7, unfitting armour, electricity resistance,
cold-blooded
a: Breathe Lightning, Renounce Religion


You were on level 10 of the Dungeon.
You worshipped Vehumet.
Vehumet was most pleased with you.
You visited 1 branch of the dungeon, and saw 11 of its levels.
You also visited: Ossuary.

You collected 512 gold pieces.
You spent 418 gold pieces at shops.

Inventory:

Hand Weapons
 D - a +0 war axe
 F - a +0 scimitar of electrocution (weapon)
Armour
 c - a +0 kite shield (worn)
 l - a +0 pair of boots (worn)
 x - a +0 cloak (worn)
 H - a +0 pair of gloves (worn)
Magical Staves
 n - a staff of earth
Jewellery
 e - an amulet of reflection (around neck)
 f - a ring of wizardry (left hand)
 s - an amulet of magic regeneration
Wands
 w - a wand of flame (21)
 C - a wand of paralysis (8)
Scrolls
 a - a scroll of poison
 b - a scroll of revelation
 d - 2 scrolls of teleportation
 j - 2 scrolls of vulnerability
 o - 2 scrolls of enchant weapon
 p - 6 scrolls of immolation
 q - a scroll of fog {unknown}
 y - 3 scrolls of fear
 B - a scroll of blinking
 E - a scroll of amnesia {unknown}
 G - a scroll of brand weapon {unknown}
 I - a scroll of enchant armour {unknown}
 J - a scroll of identify
Potions
 g - 3 potions of mutation
 h - a potion of lignification
 i - 6 potions of brilliance
 k - 7 potions of curing
 m - a potion of berserk rage
 r - a potion of attraction {unknown}
 t - 3 potions of invisibility
 u - a potion of heal wounds
 v - a potion of cancellation {unknown}
 z - 3 potions of enlightenment
 A - 2 potions of magic
Miscellaneous
 K - a tin of tremorstones (2/2)


   Skills:
 - Level 3.0 Axes
 - Level 1.7 Dodging
 - Level 1.7 Stealth
 - Level 3.6 Shields
 + Level 6.4 Spellcasting
 - Level 15.0 Conjurations
 - Level 3.0 Translocations
 * Level 3.8 Air Magic
 * Level 1.7 Evocations


You had 4 spell levels left.
You knew the following spells:

 Your Spells              Type           Power      Damage    Failure   Level
a - Shock                 Conj/Air       100%       1d9       1%          1
b - Fulminant Prism       Conj/Hex       21%        3d12      2%          4
c - Summon Cactus Giant   Summ           3%         N/A       100%        6
d - Magic Dart            Conj           100%       1d8       1%          1
x - Iskenderun's Mystic   Conj/Tloc      50%        2d11      1%          4
z - Searing Ray           Conj           100%       2d8       1%          2

Your spell library contained the following spells:

 Spells                   Type           Power      Damage    Failure   Level
 Poisonous Vapours        Pois/Air       32%        N/A       3%          2
 Dazzling Flash           Conj/Hex       86%        N/A       1%          3
 Flame Wave               Conj/Fire      43%        2d11      2%          4
 Apportation              Tloc           44%        N/A       4%          1
 Scorch                   Fire           14%        2d5       7%          2
 Vhi's Electric Charge    Tloc/Air       48%        N/A       11%         3
 Frozen Ramparts          Ice            14%        1d3       12%         3
 Necrotise                Necr           28%        1d5       16%         1
 Summon Small Mammal      Summ           28%        N/A       16%         1
 Vampiric Draining        Necr           7%         2d6       38%         3
 Ice Form                 Ice/Tmut       7%         N/A       78%         4
 Summon Ice Beast         Ice/Summ       7%         N/A       78%         4
 Arcjolt                  Conj/Air       26%        1d36      2%          5
 Agony                    Necr           7%         N/A       98%         5
 Maxwell's Capacitive Co  Air            13%        ∞         100%        8


Dungeon Overview and Level Annotations

Branches:
Dungeon (11/15)            Temple (0/1) D:6            Lair (0/5) D:8
Ossuary (visited)
    Orc: D:9-12

Altars:
Elyvilon
Hepliaklqana
Kikubaaqudgha
Makhleb
Nemelex Xobeh
Ru
Sif Muna
Uskayaw
Vehumet
The Shining One

Shops:
D:6 :


Innate Abilities, Weirdness & Mutations

You can breathe wild blasts of lightning.
Your glossy black scales are hard. (AC +7)
You cannot fit into any form of body armour.
You are resistant to electric shocks. (rElec)
You are cold-blooded and may be slowed by cold attacks.


Message History

You feel your power returning.
y - 3 scrolls of fear (gained 1)
Things that are here:
a +0 long sword; a +0 robe; an orc corpse A two-headed ogre comes into view.
It is wielding two +0 giant spiked clubs.
The two-headed ogre shouts in stereo!
Aiming: Paralyse
Press: ? - help, Q - select action, (/) - cycle Shift-Dir - straight line, f - two-headed ogre
Aim: a two-headed ogre, wielding two +0 giant spiked clubs (chance to affect: 36%)
The two-headed ogre suddenly stops moving!
A shadow comes into view.
An orc warrior comes into view. It is wielding a +0 long sword.
The orc warrior shouts!
The shadow hits you!
The helpless two-headed ogre fails to defend itself.
You hit the two-headed ogre but do no damage.
The shadow barely misses you.
The helpless two-headed ogre fails to defend itself.
You slash the two-headed ogre! You tail-slap the two-headed ogre.
The two-headed ogre is lightly wounded.
The shadow hits you. You block the shadow's attack.
The orc warrior hits you with a +0 long sword!
The helpless two-headed ogre fails to defend itself.
You slash the two-headed ogre!
Lightning courses through the two-headed ogre!
The two-headed ogre is heavily wounded.
The shadow barely misses you. You block the orc warrior's attack.
The shadow barely misses you.
The helpless two-headed ogre fails to defend itself.
You hit the two-headed ogre.
The two-headed ogre is heavily wounded.
The two-headed ogre is no longer paralysed.
The orc warrior hits you with a +0 long sword!
The two-headed ogre hits you with a +0 giant spiked club!!
* * * LOW HITPOINT WARNING * * *
The two-headed ogre hits you with a +0 giant spiked club.
* * * LOW HITPOINT WARNING * * *
You block the shadow's attack.
The orc warrior hits you with a +0 long sword!
You die...

......#..########*#####..♣#######
......#.........#*♣.........)...#
#####.#....######♣.♣♣..♣....♣).♣#
...........#....#,*♣.).♣......♣.#
...........#....#*♣..♣.......♣♣♣#
...........#....#♣..♣♣.♣....♣♣ *
...........#....########.#######*
#####...#..#.##..W..............,
........#.......@O..............,
........#........o..............,
.......[#.......................,
........#.......................,
........#.......................,
################################*
#### #### ####


You could see a two-headed ogre, an orc warrior and a shadow.

Vanquished Creatures
  A two-headed ogre (D:9)
  An unseen horror (D:10)
  A komodo dragon (D:10)
  A kobold demonologist (D:10)
  A meliai (shapeshifter) (D:10)
  A hornet (D:9)
  4 trolls (D:10)
  A vampire (D:9)
  2 wraiths (D:10)
  4 wyverns
  11 yaks
  A steam dragon (D:10)
  2 acid dragons (D:10)
  3 water moccasins
  4 orc warriors
  3 black bears
  A sky beast (D:8)
  An ice beast (D:5)
  2 ogres
  2 centaurs
  6 kobold brigands
  2 phantoms (D:5)
  A bullfrog (D:9)
  4 gnoll sergeants
  A scorpion (D:6)
  3 wights (D:8)
  A killer bee (D:10)
  An electric eel (D:9)
  6 hounds
  3 jellies
  Crazy Yiuf (D:5)
  2 human zombies (Ossuary)
  2 orc priests
  3 gnoll boudas
  3 iguanas
  3 sleepcaps
  5 orc wizards
  A statue (D:4)
  5 mummies
  18 gnolls
  10 adders
  3 shadow imps
  A white imp (D:6)
  3 dart slugs
  17 orcs
  A bat (D:2)
  11 endoplasms
  A giant cockroach (D:4)
  2 gnoll zombies (Ossuary)
  4 goblins
  8 hobgoblins
  2 jackals (D:2)
  3 quokkas
  5 ball pythons
  A frilled lizard (D:1)
  2 goblin zombies (Ossuary)
  22 kobolds
  A kobold zombie (Ossuary)
  An orc zombie (Ossuary)
  6 rats
222 creatures vanquished.

Vanquished Creatures (others)
  A butterfly (D:6)
1 creature vanquished.

Grand Total: 223 creatures vanquished

Notes
Turn   | Place    | Note
-------+----------+-------------------------------------------
     0 | D:1      | experimilk the Draconian Conjurer began the quest for the
                  | Orb.
     0 | D:1      | Reached XP level 1. HP: 14/14 MP: 3/3
   611 | D:1      | Reached XP level 2. HP: 20/20 MP: 3/5
   644 | D:1      | Learned a level 2 spell: Searing Ray
  1663 | D:2      | Reached skill level 1 in Shields
  1685 | D:2      | Reached XP level 3. HP: 26/26 MP: 2/6
  2078 | D:3      | Found a faded altar of an unknown god.
  2624 | D:3      | Reached XP level 4. HP: 33/33 MP: 3/7
  2717 | D:3      | Reached skill level 5 in Conjurations
  3258 | D:4      | Noticed a black bear
  3408 | D:4      | Reached XP level 5. HP: 38/38 MP: 6/9
  3702 | D:4      | Found a burning altar of Makhleb.
  3832 | D:4      | Killed a black bear
  3833 | D:4      | Reached XP level 6. HP: 41/45 MP: 2/11
  4038 | D:4      | Reached skill level 6 in Conjurations
  4244 | D:4      | Found a radiant altar of Vehumet.
  4439 | D:4      | Became a worshipper of Vehumet
  4626 | D:5      | Entered Level 5 of the Dungeon
  4891 | D:5      | Found a hazy altar of Hepliaklqana.
  4961 | D:5      | Noticed an ice beast
  4970 | D:5      | Killed an ice beast
  4971 | D:5      | Your scales start taking on a glossy black colour.
  4971 | D:5      | Reached XP level 7. HP: 50/50 MP: 2/12
  4971 | D:5      | Gained mutation: You are resistant to electric shocks.
                  | (rElec) [Black Draconian growth]
  5195 | D:5      | Reached skill level 7 in Conjurations
  5421 | D:5      | Found a runed translucent door.
  5422 | D:5      | Noticed Crazy Yiuf
  5924 | D:5      | Killed Crazy Yiuf
  6207 | D:6      | Found a staircase to the Ecumenical Temple.
  6265 | D:6      | Found a sand-covered staircase.
  6277 | Ossuary  | Entered an ossuary
  6780 | Ossuary  | Reached * piety under Vehumet
  6780 | Ossuary  | Offered knowledge of Shock by Vehumet.
  6888 | Ossuary  | Learned a level 1 spell: Shock
  6919 | Ossuary  | Reached skill level 8 in Conjurations
  6919 | Ossuary  | Reached XP level 8. HP: 40/57 MP: 1/15
  7913 | D:6      | Reached skill level 5 in Spellcasting
  8139 | D:6      | Found a white marble altar of Elyvilon.
  8203 | D:6      | Found Nuckaarisa's Book Emporium.
  9288 | D:7      | Reached skill level 1 in Axes
  9288 | D:7      | Reached skill level 9 in Conjurations
  9293 | D:7      | Learned a level 4 spell: Iskenderun's Mystic Blast
  9336 | D:7      | Found a sacrificial altar of Ru.
  9451 | D:7      | Reached skill level 1 in Translocations
  9932 | D:7      | Reached XP level 9. HP: 62/62 MP: 9/17
 10000 | D:7      | Found an ancient bone altar of Kikubaaqudgha.
 10526 | D:7      | Found a sparkling altar of Nemelex Xobeh.
 11098 | D:8      | Reached skill level 10 in Conjurations
 11183 | D:8      | Found a staircase to the Lair.
 11307 | D:8      | Offered knowledge of Sandblast by Vehumet.
 11321 | D:8      | Reached ** piety under Vehumet
 11479 | D:8      | Found a hide-covered altar of Uskayaw.
 11847 | D:8      | Reached skill level 11 in Conjurations
 12124 | D:8      | Found a shimmering blue altar of Sif Muna.
 12201 | D:8      | Found a glowing golden altar of the Shining One.
 12298 | D:8      | Learned a level 6 spell: Summon Cactus Giant
 12517 | D:9      | You fall into a shaft and drop 2 floors!
 12551 | D:10     | Entered Level 10 of the Dungeon
 13483 | D:9      | Reached skill level 12 in Conjurations
 13509 | D:9      | Learned a level 4 spell: Fulminant Prism
 13616 | D:9      | Noticed a two-headed ogre
 13624 | D:9      | Killed a two-headed ogre
 13625 | D:9      | Reached XP level 10. HP: 69/69 MP: 13/19
 14206 | D:10     | Offered knowledge of Poisonous Vapours by Vehumet.
 14210 | D:10     | Reached skill level 13 in Conjurations
 15122 | D:10     | Reached skill level 14 in Conjurations
 15819 | D:10     | Noticed a two-headed ogre
 16371 | D:6      | Bought Maxwell's Memoranda for 418 gold pieces
 16714 | D:10     | Reached skill level 1 in Air Magic
 16714 | D:10     | Reached XP level 11. HP: 74/74 MP: 12/20
 16989 | D:10     | Reached skill level 15 in Conjurations
 17030 | D:10     | Reached *** piety under Vehumet
 17248 | D:10     | Reached skill level 1 in Evocations
 17519 | D:10     | Noticed a two-headed ogre
 17529 | D:10     | Slain by an orc warrior

Illustrated notes

Levels and vault maps discovered:
D:1:      nagdon_arrival_double_spiral, layout_basic,
          corexii_item_surrounded_by_moat
D:2:      layout_rooms, minmay_misc_feat_doors, minmay_tetromino_l2
D:3:      layout_basic, nicolae_ecumenical_oubliette
D:4:      layout_basic, vehumet_statue, makhleb_heckhound_becter,
          amcnicky_mini_pool_small
D:5:      layout_basic, mainiacjoe_overflow_small_starburst,
          uniq_crazy_yiuf_cottage
D:6:      layout_loops_corners, nicolae_elyvilon_peaceful_grove, temple_doors_e,
          gup_ossuary_entry_pyramid, serial_shops, shop
D:7:      kennysheep_spiral_hall, layout_cave_pools, kennysheep_mini_moat,
          mainiacjoe_overflow_24_doors, kiku_gazebo_garden_becter,
          nicolae_titane
D:8:      layout_loops_ring, tso_oasis_becter, eat_drink_and_be_merry_uskayaw,
          marbit_many_paths, lair_entry_dummy, minmay_misc_feat_x
D:9:      layout_irregular_city, kennysheep_crisscross, billiards_dpeg
D:10:     nzn_winding_woodlands_stair_cross
          [nzn_winding_woodlands_5x15_pathside_ponds,
          nzn_winding_woodlands_center_garden,
          nzn_winding_woodlands_5x15_split_checker,
          nzn_winding_woodlands_5x5_cross,
          nzn_winding_woodlands_5x5_closed_star,
          nzn_winding_woodlands_5x15_jagged, nzn_winding_woodlands_center_lodge,
          nzn_winding_woodlands_5x15_pockets], layout_grid_maze,
          minmay_misc_feat_roman
D:11:     layout_gridville, orc_0_dummy, serial_shops, nicolae_shop_tiny_glass,
          nicolae_blasting_shop

Skill      XL: |  1  2  3  4  5  6  7  8  9 10 11 |
---------------+----------------------------------+-----
Shields        | 1 2 3 |  3.6
Conjurations   | 5 6 8 9 12 14 15 | 15.0
Spellcasting   | 3 4 5 6 |  6.4
Axes           | 3 |  3.0
Translocations | 1 3 |  3.0
Air Magic      | 1 3 |  3.8
Evocations     | 1 |  1.7
Dodging        | |  1.7
Stealth        | |  1.7

Action                     |  1- 3 |  4- 6 |  7- 9 | 10-12 || total
---------------------------+-------+-------+-------+-------++-------
  Melee: Club              |    18 |       |       |       ||    18
         Tailslap          |     4 |       |     7 |     5 ||    16
         Flail             |     9 |       |    31 |       ||    40
         Scimitar          |       |       |    39 |    16 ||    55
         War axe           |       |       |     1 |       ||     1
   Cast: Magic Dart        |    52 |    47 |    28 |       ||   127
         Searing Ray       |    10 |    22 |    64 |    34 ||   130
         Shock             |       |       |   148 |    75 ||   223
         Iskenderun's Myst |       |       |     8 |    14 ||    22
Ability: Breathe Lightning |       |       |    10 |     7 ||    17
  Evoke: Wand              |       |       |       |     3 ||     3
    Use: Scroll            |     2 |     3 |    10 |     5 ||    20
         Potion            |       |     1 |     3 |     2 ||     6
   Stab: Sleeping          |       |       |     1 |       ||     1
         Paralysed         |       |       |       |    12 ||    12
 Armour: Skin              |     8 |     2 |    48 |    26 ||    84
  Dodge: Dodged            |    17 |     2 |    43 |    28 ||    90
  Block: Kite shield       |    22 |     6 |    92 |    51 ||   171
         Reflection        |     3 |     1 |    10 |     6 ||    20

Table legend: (Time is in decaauts)
 A = Elapsed time spent in this place.
 B = Non-inter-level travel time spent in this place.
 C = Inter-level travel time spent in this place.
 D = Time resting spent in this place.
 E = Time spent auto-exploring this place.
 F = Levels seen in this place.
 G = Mean time per level.
                   A        B        C        D        E       F      G
               +--------+--------+--------+--------+--------+-----+--------+
         Total |  17701 |  16999 |    702 |   6957 |   7634 |  12 | 1475.1 |
       Dungeon |  16308 |  15606 |    702 |   6015 |   7401 |  11 | 1482.5 |
       Ossuary |   1392 |   1392 |      0 |    942 |    233 |   1 | 1392.0 |
               +--------+--------+--------+--------+--------+-----+--------+

Top non-repeatable levels by time:
    D:10: 2638 daAuts
     D:8: 2322 daAuts
     D:6: 1725 daAuts
     D:9: 1698 daAuts
     D:7: 1660 daAuts
     D:5: 1553 daAuts
     D:1: 1395 daAuts
 Ossuary: 1392 daAuts
     D:4: 1355 daAuts
     D:3: 1189 daAuts
     D:2: 735 daAuts
    D:11: 33 daAuts
